AoeStats
← carcaage

Pilgrims

509646800Analyzed
4v4 RM · 5d ago on Sep 27, 2026· 62m 33s· 8 players
Game mode
Random Map
Map size
Large (8 player)
Population
200
Speed
Normal
Resources
Standard
Victory
Conquest
Starting age
Dark Age
Ending age
Imperial Age
RankedLock teamsTeams togetherTeam positionsShared explorationLock speedFull tech treeHidden civsTurbo modeCheats
Victory
Defeat
🇹🇷 Persians · Türkiye
1231
+9
🇹🇷 Japanese · Türkiye
1128
+13
🇳🇱 Spanish · Netherlands
1085
+14
🇫🇷 Khitans · France
1064
+14
🇦🇷 Saracens · Argentina
1117
-15
🇹🇼 Varangians · Taiwan
1067
-13
🇦🇷 Japanese · Argentina
1023
-11
🇨🇴 Turks · Colombia
1007
-11
prsdntsdghtr
6:57 Loom
12:45 Feudal Age
13:57 Double-Bit Axe
15:28 Wheelbarrow
15:15 Fishing Lines
17:44 Castle Age
20:48 Horse Collar
22:17 Medium Warships
24:12 Bow Saw
24:26 Hand Cart
25:43 Gold Mining
29:20 Imperial Age
27:51 Husbandry
28:02 Bloodlines
31:28 Conscription
32:11 Pikeman
32:52 Squires
32:37 Arson
34:00 Forging
33:56 Scale Barding Armor
34:20 Gillnets
35:04 Stone Mining
35:01 Town Watch
36:35 Heavy Plow
37:37 Two-Man Saw
36:26 Halberdier
44:06 Iron Casting
43:52 Chain Barding Armor
43:33 Scale Mail Armor
44:08 Bloodlines
43:19 Light Cavalry
45:57 Capped Ram
47:15 Ballistics
47:01 Town Patrol
50:11 Padded Archer Armor
51:12 Blast Furnace
50:48 Plate Barding Armor
50:28 Chain Mail Armor
50:12 Elite Skirmisher
54:57 Leather Archer Armor
54:32 Fletching
Crucio
12:58 Feudal Age
15:55 Double-Bit Axe
16:05 Fishing Lines
20:24 Wheelbarrow
20:18 Horse Collar
28:15 Castle Age
28:53 Medium Warships
30:35 Bow Saw
32:56 Hand Cart
32:51 Gillnets
38:57 Scale Barding Armor
39:02 Forging
39:02 Heavy Plow
39:16 Husbandry
39:26 Bloodlines
40:24 Kamandaran
40:28 Padded Archer Armor
40:19 Fletching
43:02 Imperial Age
42:30 Parthian Tactics
42:12 Thumb Ring
44:08 Elite Skirmisher
45:48 Leather Archer Armor
45:28 Bodkin Arrow
47:15 Stone Mining
47:17 Gold Mining
48:07 Crop Rotation
49:36 Caravan
50:36 Heavy Camel Rider
52:01 Light Cavalry
54:13 Chemistry
53:10 Murder Holes
54:07 Hussar
55:24 Iron Casting
55:09 Chain Barding Armor
62:25 Heavy Warships
61:44 Elite Cannon Galleon
62:42 Town Watch
FİCİGETO
10:30 Feudal Age
17:59 Castle Age
15:44 Horse Collar
15:50 Double-Bit Axe
15:59 Gold Mining
22:23 Heavy Plow
22:39 Bow Saw
30:36 Gold Shaft Mining
29:51 Stone Mining
30:48 Stone Mining
33:30 Fishing Lines
35:27 Wheelbarrow
34:58 Heavy Plow
35:35 Gillnets
38:07 Forging
37:57 Scale Mail Armor
39:42 Gambesons
39:58 Squires
39:43 Arson
46:32 Imperial Age
44:18 Hand Cart
44:25 Hand Cart
44:27 Pikeman
45:32 Chain Mail Armor
46:18 Iron Casting
48:45 Caravan
48:56 Elite Samurai
49:57 Conscription
49:58 Kataparuto
49:40 Yasama
56:16 Blast Furnace
55:46 Plate Mail Armor
Poperis
10:27 Feudal Age
12:23 Double-Bit Axe
12:58 Town Watch
15:39 Castle Age
16:02 Forging
16:01 Scale Barding Armor
17:18 Iron Casting
17:48 Light Cavalry
19:11 Bow Saw
20:05 Husbandry
20:11 Scale Barding Armor
20:55 Medium Warships
20:45 Loom
24:22 Domestication
27:41 Imperial Age
27:08 Pastoralism
32:39 Imperial Age
33:13 Chain Barding Armor
32:57 Fletching
34:35 Wheelbarrow
33:46 Town Watch
34:53 Bodkin Arrow
39:17 Plate Barding Armor
41:17 Ballistics
41:57 Chemistry
41:08 Masonry
40:39 Treadmill Crane
41:02 Padded Archer Armor
42:04 Hussar
43:46 Two-Man Saw
46:44 Guilds
46:12 Elite Steppe Lancer
48:20 Transhumance
50:10 Conscription
50:05 Ordo Cavalry
50:49 Bracer
60:13 Hand Cart
59:59 Town Patrol
Yuri Tatis
8:08 Loom
11:10 Feudal Age
12:24 Town Watch
12:26 Double-Bit Axe
18:35 Castle Age
17:00 Gold Mining
20:06 Medium Warships
21:09 Bow Saw
21:35 Wheelbarrow
23:13 Padded Archer Armor
23:04 Fletching
24:53 Bodkin Arrow
25:13 Leather Archer Armor
31:16 Horse Collar
32:24 Heavy Plow
36:34 Imperial Age
35:01 Hand Cart
35:24 Gold Shaft Mining
36:14 Scale Barding Armor
36:20 Forging
40:40 Conscription
40:46 Sipahi
41:26 Ring Archer Armor
40:56 Bracer
41:19 Ballistics
40:42 Heavy Cavalry Archer
41:54 Parthian Tactics
arping0904
8:23 Loom
13:40 Feudal Age
14:24 Double-Bit Axe
20:03 Castle Age
18:34 Bloodlines
20:03 Fishing Lines
33:20 Forging
33:25 Horse Collar
33:54 Murder Holes
39:31 Iron Casting
41:10 Wheelbarrow
carcaage
4:14 Loom
6:02 Loom
12:38 Feudal Age
13:55 Double-Bit Axe
16:48 Wheelbarrow
17:49 Fishing Lines
21:51 Castle Age
21:48 Horse Collar
22:58 Medium Warships
22:46 Fletching
23:08 Bow Saw
26:26 Bodkin Arrow
26:51 Hand Cart
28:03 Forging
28:16 Heavy Plow
30:58 Gold Mining
35:07 Imperial Age
33:49 Gold Shaft Mining
33:19 Stone Mining
34:32 Gillnets
34:24 Elite Skirmisher
35:16 Scale Barding Armor
36:13 Husbandry
35:34 Heavy Camel Rider
37:07 Bloodlines
39:44 Conscription
39:40 Elite Mameluke
41:03 Chain Barding Armor
40:46 Bracer
53:00 Plate Barding Armor
53:01 Iron Casting
54:53 Thumb Ring
58:16 Chemistry
Casco7777628
9:12 Loom
11:50 Feudal Age
12:31 Double-Bit Axe
15:10 Fishing Lines
21:10 Castle Age
19:55 Horse Collar
20:31 Fletching
22:02 Heavy Plow
22:23 Bow Saw
24:13 Town Watch
24:23 Treadmill Crane
24:48 Padded Archer Armor
24:48 Bodkin Arrow
28:46 Careening
28:54 Stone Mining
28:54 Gold Mining
29:52 Wheelbarrow
30:19 Clinker Construction
30:30 Ballistics
30:06 Murder Holes
30:46 Scale Mail Armor
31:28 Gillnets
32:16 Chain Mail Armor
32:11 Forging
35:22 Imperial Age
34:31 Hand Cart
34:53 Gold Shaft Mining
34:36 Squires
34:22 Gambesons
34:23 Arson
35:23 Iron Casting
35:20 Yasama
36:20 Bracer
37:20 Blast Furnace
36:51 Plate Mail Armor
37:24 Chemistry
36:15 Guard Tower
36:36 Town Patrol
38:47 Conscription
38:48 Kataparuto
39:44 Keep
38:55 Arrowslits
39:34 Carvel Hull
40:26 Two-Man Saw
39:01 Elite Samurai
39:29 Pikeman
41:19 Siege Engineers
42:35 Elite Samurai
43:50 Hoardings
42:54 Halberdier
43:08 Halberdier
46:26 Masonry
49:14 Man-at-Arms
52:51 Capped Ram
58:01 Long Swordsman
59:23 Two-Handed Swordsman
60:51 Champion
Connection lost

Rejoining the realm…

Still unreachable

The connection could not be restored.

Session expired

The server has moved on; the page needs a fresh start.